 Dungeon Crawl Stone Soup version 0.30-a0-381-g6ea064c7b4 (webtiles) character file.

Game seed: 3538745760223562452

112 PyroL the Grave Robber (level 4, -3/29 (30) HPs)
             Began as a Demonspawn Necromancer on Dec 1, 2022.
             Slain by Crazy Yiuf
             ... wielding a +2 quarterstaff of chaos
              (4 damage)
             ... on level 3 of the Dungeon.
             The game lasted 00:05:53 (3078 turns).

PyroL the Grave Robber (Demonspawn Necromancer)     Turns: 3078, Time: 00:05:55

HP:   -3/29 (30)    AC:  5    Str: 14    XL:     4   Next: 64%
MP:   2/9           EV: 12    Int: 25    God:
Gold: 114           SH:  0    Dex: 18    Spells: 2/10 levels left

rFire   . . .      SeeInvis .    j - +0 spear
rCold   . . .      Faith    .    (no shield)
rNeg    . . .      Spirit   .    u - +1 robe of Docvan {rElec}
rPois   .          Reflect  .    (helmet restricted)
rElec   +          Harm     .    p - +0 cloak "Avierghu" {Dex+5}
rCorr   .          Rampage  .    t - +0 pair of gloves
Will    .....                    (no boots)
Stlth   ++........               (no amulet)
HPRegen 0.24/turn                d - +6 ring of strength
MPRegen 0.11/turn                q - +6 ring of intelligence

@: lethally poisoned (-3 -> -13), lightly drained
A: antennae 1
a: no special abilities


You were on level 3 of the Dungeon.
You visited 1 branch of the dungeon, and saw 3 of its levels.

You collected 114 gold pieces.

Inventory:

Hand Weapons
 j - a +0 spear (weapon)
Missiles
 e - 3 boomerangs
 v - a throwing net
 x - 4 javelins
Armour
 p - the +0 cloak "Avierghu" (worn) {Dex+5}
   (You found it on level 2 of the Dungeon)

   Dex:       It affects your dexterity (+5).
 t - a +0 pair of gloves (worn)
 u - the +1 robe of Docvan (worn) {rElec}
   (You found it on level 2 of the Dungeon)

   rElec:     It insulates you from electricity.
Jewellery
 d - a +6 ring of strength (left hand)
 q - a +6 ring of intelligence (right hand)
Scrolls
 c - 4 scrolls of identify {unknown}
 g - a scroll of vulnerability {unknown}
 i - a scroll of amnesia {unknown}
 m - 3 scrolls of butterflies {unknown}
 n - 2 scrolls of teleportation {unknown}
 o - a scroll of blinking {unknown}
 s - a scroll of magic mapping {unknown}
 w - a scroll of immolation {unknown}
Potions
 a - a potion of invisibility {unknown}
 b - 2 potions of magic
 f - 2 potions of heal wounds {unknown}
 h - a potion of lignification {unknown}
 k - a potion of flight {unknown}
 l - a potion of brilliance {unknown}
 r - a potion of curing {unknown}


   Skills:
 - Level 1.7 Dodging
 - Level 1.7 Stealth
 + Level 3.5 Spellcasting
 + Level 5.6 Necromancy


You had 2 spell levels left.
You knew the following spells:

 Your Spells              Type           Power      Damage    Failure   Level
a - Necrotise             Necr           100%       1d9       1%          1
b - Vampiric Draining     Necr           32%        2d8       2%          3
c - Animate Dead          Necr           32%        N/A       10%         4

Your spell library contained the following spells:

 Spells                   Type           Power      Damage    Failure   Level
 Beastly Appendage        Tmut           8%         N/A       10%         1
 Wereblood                Tmut           4%         N/A       14%         2
 Agony                    Necr           32%        N/A       26%         5
 Spider Form              Tmut/Pois      4%         N/A       28%         3


Dungeon Overview and Level Annotations

Branches:
Dungeon (3/15)

Altars:

Annotations:
D:3 Crazy Yiuf


Innate Abilities, Weirdness & Mutations

You have a pair of small antennae on your head.


Message History

Aim: Crazy Yiuf, wielding a +2 quarterstaff of chaos and wearing a +0 cloak (moderately wounded, chance to affect: 88%)
Okay, then.
You start resting.
Crazy Yiuf is nearby!
Casting: Necrotise (safe; 1% risk of failure)
Confirm with . or Enter, or press ? or * to list all spells.
Aiming: Necrotise (safe; 1% risk of failure)
Press: ? - help, Shift-Dir - straight line, f/p - Crazy Yiuf
Aim: Crazy Yiuf, wielding a +2 quarterstaff of chaos and wearing a +0 cloak (moderately wounded, wandering, hasn't noticed you, chance to affect: 88%)
Your line of fire to Crazy Yiuf is blocked by a fungus.
Unknown command.
Crazy Yiuf shouts!
Casting: Necrotise (safe; 1% risk of failure)
Confirm with . or Enter, or press ? or * to list all spells.
Aiming: Necrotise (safe; 1% risk of failure)
Press: ? - help, Shift-Dir - straight line, f/p - Crazy Yiuf
Aim: Crazy Yiuf, wielding a +2 quarterstaff of chaos and wearing a +0 cloak (moderately wounded, chance to affect: 88%) Crazy Yiuf writhes in agony!
Casting: Necrotise (safe; 1% risk of failure)
Confirm with . or Enter, or press ? or * to list all spells.
Aiming: Vampiric Draining (dangerous; 2% risk of failure)
Press: ? - help, Shift-Dir - straight line, f/p - Crazy Yiuf
Aim: Crazy Yiuf, wielding a +2 quarterstaff of chaos and wearing a +0 cloak (severely wounded)
You draw life force from Crazy Yiuf.
You feel life coursing into your body. Crazy Yiuf closely misses you.
Sorry, you're not good enough to have a special ability.
You hit Crazy Yiuf but do no damage.
Crazy Yiuf is almost dead.
Crazy Yiuf whimpers, "Liver!
Cake sow stair."
Crazy Yiuf hits you with a +2 quarterstaff of chaos!
You are poisoned.
Sorry, you're not good enough to have a special ability.
You closely miss Crazy Yiuf.
Crazy Yiuf is almost dead.
* * * LOW HITPOINT WARNING * * *
You feel very sick.
Crazy Yiuf hits you with a +2 quarterstaff of chaos!
* * * LOW HITPOINT WARNING * * *
You feel drained.
You die...

.................#.#######...##..
#.#..######.#.#.##.# #...#...
#.#..#........#..#.# #...#...
#.#.....###...#....# #...#...
#....<........#..### #...#...
###.##...#.......# #...#...
#.##......(....# ###########...
#.##.#.#####..## #.....# #...
#.##...# #...@# #...#.# #...
#.##...# ♣♣PPg♣ ###Z#.#####...
#.##..|# ♣PP.♣ #.#.#.#.....##
###.##Z.## ♣♣.♣♣ #.#.#.#)######
.........# ♣♣{♣ #...Z...###...
..#Z###### ♣{♣♣ #.............
........## ♣♣g♣ #.#...[.......
.........# ♣.♣♣ #.............
.........# #'# #.#..#........


You could see Crazy Yiuf.

Vanquished Creatures
  2 adders
  3 gnolls (D:3)
  4 worms
  A dart slug (D:2)
  2 bats (D:3)
  4 endoplasms (D:2)
  A giant cockroach (D:2)
  4 goblins
  6 hobgoblins
  2 jackals (D:1)
  5 kobolds
  2 quokkas
  4 ball pythons
  2 frilled lizards (D:2)
  7 rats
49 creatures vanquished.

Vanquished Creatures (collateral kills)
  A worm (D:1)
  A goblin (D:1)
2 creatures vanquished.

Vanquished Creatures (others)
  A gnoll zombie (D:3)
  A fungus (D:3)
2 creatures vanquished.

Grand Total: 53 creatures vanquished

Notes
Turn   | Place    | Note
-------+----------+-------------------------------------------
     0 | D:1      | PyroL the Demonspawn Necromancer began the quest for the
                  | Orb.
     0 | D:1      | Reached XP level 1. HP: 13/13 MP: 3/3
   353 | D:1      | Found a faded altar of an unknown god.
   358 | D:1      | Gained mutation: You have a pair of small antennae on your
                  | head. [demonic ancestry]
   358 | D:1      | Reached XP level 2. HP: 19/19 MP: 0/5
  1157 | D:1      | Reached skill level 5 in Necromancy
  1157 | D:1      | Reached XP level 3. HP: 6/24 MP: 1/7
  1161 | D:1      | Learned a level 3 spell: Vampiric Draining
  1417 | D:2      | Identified the +0 cloak "Avierghu" {Dex+5}
  1836 | D:2      | Identified the +1 robe of Docvan {rElec}
  2241 | D:3      | Reached XP level 4. HP: 30/30 MP: 5/8
  2246 | D:3      | Learned a level 4 spell: Animate Dead
  3031 | D:3      | Found a runed translucent door.
  3032 | D:3      | Noticed Crazy Yiuf
  3078 | D:3      | HP: 1/30 [Crazy Yiuf/+2 quarterstaff of chaos (11)]
  3078 | D:3      | Slain by Crazy Yiuf

Illustrated notes

Levels and vault maps discovered:
D:1:      minmay_arrival_split_and_join, layout_basic,
          shapermc_ecumenical_altar_mp_ritualfount, minmay_misc_feat_columns
D:2:      layout_basic, minmay_heptomino_o4
D:3:      layout_basic, uniq_crazy_yiuf_cottage

Skill      XL: |  1  2  3 |
---------------+----------+-----
Necromancy     | 5 |  5.6
Spellcasting   | 3 |  3.5
Dodging        | |  1.7
Stealth        | |  1.7

Action                   |  1- 3 |  4- 6 || total
-------------------------+-------+-------++-------
Melee: Unarmed           |     5 |       ||     5
       Short sword       |    21 |       ||    21
       Spear             |    24 |    78 ||   102
       Punch             |     1 |     1 ||     2
 Cast: Necrotise         |    52 |    31 ||    83
       Vampiric Draining |     1 |     1 ||     2
       Animate Dead      |       |     1 ||     1
 Stab: Sleeping          |     2 |     1 ||     3
Armor: Robe              |     8 |     1 ||     9
Dodge: Dodged            |    42 |     6 ||    48

Table legend: (Time is in decaauts)
 A = Elapsed time spent in this place.
 B = Non-inter-level travel time spent in this place.
 C = Inter-level travel time spent in this place.
 D = Time resting spent in this place.
 E = Time spent auto-exploring this place.
 F = Levels seen in this place.
 G = Mean time per level.
                   A        B        C        D        E       F      G
               +--------+--------+--------+--------+--------+-----+--------+
         Total |   3087 |   3028 |     59 |    195 |   2327 |   3 | 1029.0 |
       Dungeon |   3087 |   3028 |     59 |    195 |   2327 |   3 | 1029.0 |
               +--------+--------+--------+--------+--------+-----+--------+

Top non-repeatable levels by time:
     D:1: 1140 daAuts
     D:3: 1029 daAuts
     D:2: 916 daAuts
